 Dungeon Crawl Stone Soup version 0.30-a0-881-g1ff12e1e11 (webtiles) character file.

Game seed: 418847855789511865

146 bande the Trooper (level 5, -15/33 HPs)
             Began as a Gargoyle Fighter on Mar 14, 2023.
             Demolished by a large abomination (23 damage)
             ... on level 1 of the Abyss.
             The game lasted 00:04:03 (2856 turns).

bande the Trooper (Gargoyle Fighter)                Turns: 2856, Time: 00:04:04

Health: -15/33     AC: 14    Str: 19    XL:     5   Next: 28%
Magic:  5/5        EV:  9    Int:  9    God:
Gold:   176        SH:  4    Dex: 11    Spells: 4/4 levels left

rFire   . . .      SeeInvis .    a - +1 war axe
rCold   . . .      Faith    .    c - +0 buckler
rNeg    + . .      Spirit   .    b - +0 scale mail
rPois   ∞          Reflect  .    n - +1 helmet
rElec   +          Rampage  .    h - +0 cloak
rCorr   .                        (no gloves)
Will    .....                    (no boots) Stlth
                                 (no amulet)
HPRegen 0.25/turn                (no ring)
MPRegen 0.09/turn                (no ring)

@: no status effects
A: sickness immunity, AC +4, negative energy resistance 1, electricity
resistance, torment resistance 1, petrification resistance
a: no special abilities


You were on level 1 of the Abyss.
You visited 1 branch of the dungeon, and saw 4 of its levels.
You visited the Abyss 1 time.

You collected 176 gold pieces.

Inventory:

Hand Weapons
 a - a +1 war axe (weapon)
Armour
 b - a +0 scale mail (worn)
 c - a +0 buckler (worn)
 h - a +0 cloak (worn)
 n - a +1 helmet (worn)
Scrolls
 g - 2 scrolls of identify
 k - a scroll of teleportation
 l - 3 scrolls of amnesia {unknown}
 m - 2 scrolls of poison {unknown}
 o - a scroll of fog {unknown}
Potions
 d - 3 potions of might
 e - a potion of haste
 f - a potion of berserk rage
 i - 2 potions of curing {unknown}
 j - 2 potions of flight {unknown}


   Skills:
 + Level 4.0 Fighting
 + Level 3.4 Axes
 + Level 3.9 Armour
 - Level 0.2 Dodging
 - Level 0.5 Stealth
 + Level 3.8 Shields


You had 4 spell levels left.
You didn't know any spells.
Your spell library was empty.

Dungeon Overview and Level Annotations

Branches:
Dungeon (4/15)
 Temple: D:4-7

Altars:
Trog

Annotations:
D:3 hgbash's ghost, amateur DEEE


Innate Abilities, Weirdness & Mutations

You are immune to sickness and miasma.
Your stone body is resilient. (AC +4)
You are immune to poison.
You resist negative energy. (rN+)
You are resistant to electric shocks. (rElec)
You are resistant to unholy torment.
You are immune to petrification.


Message History

There is a stone staircase leading up here.
You climb upwards.
There is a stone staircase leading down here.
You start waiting.
Done waiting.
You climb downwards.
Level annotation: hgbash's ghost, amateur DEEE
There is a stone staircase leading up here.
The kobold brigand throws a curare-tipped dart.
The curare-tipped dart hits you.
You climb upwards.
There is a stone staircase leading down here.
You barely miss the kobold brigand.
The kobold brigand hits you with a +2 short sword of distortion.
You blink.
Unknown command.
The kobold brigand hits you with a +2 short sword of distortion.
The kobold brigand hits you with a +2 short sword of distortion.
You are cast into the Abyss!
This branch contains the abyssal rune of Zot.
A large abomination comes into view.
You hit the large abomination.
The large abomination is lightly damaged.
You block the large abomination's attack.
You hit the large abomination.
The large abomination is lightly damaged.
The large abomination hits you!!
Ouch! That really hurt!
You hit the large abomination.
The large abomination is moderately damaged.
The large abomination hits you.
* * * LOW HITPOINT WARNING * * *
You hit the large abomination but do no damage.
The large abomination is moderately damaged.
You block the large abomination's attack.
You hit the large abomination but do no damage.
The large abomination is moderately damaged.
The large abomination hits you!!
Ouch! That really hurt!
You die...

##.....#... ..# #..
#.#.....#.....##...#
#............#..#..
##.................
.....##.....#....##
..................
#...............# .
..#. #...##.#.##.#.
# #.@.###. # ...
.......X...#.#.# ..
##.........##.##
........###.###
##...#... #.#
#...#..#. ... ##..
.# # #. .# #.


You could see a large abomination.

Vanquished Creatures
  Jessica (D:2)
  Robin (D:2)
  5 adders
  A dart slug (D:1)
  4 ball pythons
  3 bats
  5 endoplasms
  A giant cockroach (D:2)
  11 goblins
  8 hobgoblins
  9 kobolds
  3 quokkas
  2 frilled lizards (D:2)
  4 rats
58 creatures vanquished.

Vanquished Creatures (others)
  A plant (D:2)
1 creature vanquished.

Grand Total: 59 creatures vanquished

Notes
Turn   | Place    | Note
-------+----------+-------------------------------------------
     0 | D:1      | bande the Gargoyle Fighter began the quest for the Orb.
     0 | D:1      | Reached XP level 1. HP: 14/14 MP: 1/1
   151 | D:1      | Reached XP level 2. HP: 11/19 MP: 2/2
   922 | D:2      | Noticed Robin
   925 | D:2      | Reached XP level 3. HP: 23/23 MP: 3/3
   940 | D:2      | Killed Robin
  1030 | D:2      | Noticed Jessica
  1032 | D:2      | Found a faded altar of an unknown god.
  1088 | D:2      | Killed Jessica
  1089 | D:2      | Reached XP level 4. HP: 7/29 MP: 4/4
  1352 | D:2      | You fall into a shaft and drop 2 floors!
  1450 | D:3      | Found a runed translucent gate.
  1450 | D:3      | Found a runed translucent gate.
  1450 | D:3      | Noticed hgbash's ghost (amateur DEEE)
  1450 | D:3      | Noticed a kobold brigand
  1451 | D:3      | Found a runed translucent gate.
  1545 | D:3      | Reached skill level 4 in Fighting
  1636 | D:2      | Reached XP level 5. HP: 33/33 MP: 5/5
  2226 | D:3      | Found a bloodstained altar of Trog.
  2834 | Abyss:1  | Cast into level 1 of the Abyss (kobold brigand)
  2847 | Abyss:1  | Noticed a large abomination
  2856 | Abyss:1  | Demolished by a large abomination

Illustrated notes

Levels and vault maps discovered:
D:1:      evilmike_arrival_crescent, layout_basic
D:2:      layout_basic, hellmonk_ecumenical_altar_crossroads,
          serial_bayou_pond_a, minmay_split_cup_large, uniq_robin, uniq_jessica
D:3:      layout_loops_ring, lemuel_doored_altar, gammafunk_ghost_nasty_kobolds
D:4:      layout_rooms, hellmonk_ghost_happy_afterlife
Abyss:1:  base:
D:4

Skill      XL: |  1  2  3  4 |
---------------+-------------+-----
Axes           | 2 3 |  3.4
Fighting       | 4 |  4.0
Armour         | |  3.9
Dodging        | |  0.2
Stealth        | |  0.5
Shields        | |  3.8

Action                     |  1- 3 |  4- 6 || total
---------------------------+-------+-------++-------
  Melee: War axe           |    76 |    82 ||   158
    Use: Scroll            |     7 |     2 ||     9
 Armour: Scale mail        |    58 |    53 ||   111
  Dodge: Dodged            |    47 |    30 ||    77
  Block: Buckler           |    23 |    22 ||    45

Table legend: (Time is in decaauts)
 A = Elapsed time spent in this place.
 B = Non-inter-level travel time spent in this place.
 C = Inter-level travel time spent in this place.
 D = Time resting spent in this place.
 E = Time spent auto-exploring this place.
 F = Levels seen in this place.
 G = Mean time per level.
                   A        B        C        D        E       F      G
               +--------+--------+--------+--------+--------+-----+--------+
         Total |   2924 |   2890 |     34 |    182 |   2159 |   5 |  584.8 |
       Dungeon |   2901 |   2867 |     34 |    182 |   2159 |   4 |  725.2 |
         Abyss |     23 |     23 |      0 |      0 |      0 |   1 |   23.0 |
               +--------+--------+--------+--------+--------+-----+--------+

Top non-repeatable levels by time:
     D:2: 1146 daAuts
     D:1: 895 daAuts
     D:3: 824 daAuts
     D:4: 35 daAuts
 Abyss:1: 23 daAuts
